 Dungeon Crawl Stone Soup version 0.22-a0-307-g2b15929 (webtiles) character file.

71 Borgoz the Chopper (level 4, -3/41 HPs)
             Began as a Hill Orc Berserker on Apr 1, 2018.
             Was a Follower of Trog.
             Slain by an orc wizard
             ... wielding a +0 dagger
              (4 damage)
             ... on level 3 of the Dungeon.
             The game lasted 00:02:06 (1617 turns).

Borgoz the Chopper (Hill Orc Berserker)             Turns: 1617, Time: 00:02:07

Health: -3/41      AC:  2    Str: 19    XL:     4   Next: 24%
Magic:  4/4        EV: 18    Int:  7    God:    Trog [*.....]
Gold:   58         SH:  0    Dex: 16    Spells: 3/3 levels left

rFire    . . .     SeeInvis .   a - +0 hand axe
rCold    . . .     Gourm    +   (no shield)
rNeg     . . .     Faith    .   b - +0 animal skin
rPois    .         Spirit   .   (no helmet)
rElec    .         Reflect  .   (no cloak)
rCorr    .         Harm     .   (no gloves)
MR       .....                  (no boots)
Stlth    ++........             f - amulet of the gourmand
HPRegen  0.13/turn              (no ring)
MPRegen  0.09/turn              (no ring)

@: agile, lethally poisoned (-3 -> -6), berserk cooldown, slowed, very slow
A: no striking features
a: Berserk, Renounce Religion


You were on level 3 of the Dungeon.
You worshipped Trog.
Trog was aware of your devotion.
You were full.

You visited 1 branch of the dungeon, and saw 3 of its levels.

You collected 58 gold pieces.

Inventory:

Hand Weapons
 a - a +0 hand axe (weapon)
Armour
 b - a +0 animal skin (worn)
Jewellery
 f - an amulet of the gourmand (around neck)
Scrolls
 g - 2 scrolls of remove curse
 h - 3 scrolls of identify {unknown}
 i - a scroll of magic mapping {unknown}
 l - a scroll of teleportation {unknown}
 m - a scroll of amnesia {unknown}
Potions
 e - a potion of heal wounds {unknown}
 j - a potion of berserk rage {unknown}
Comestibles
 c - 4 rations
 k - 4 chunks of flesh


   Skills:
 + Level 4.3 Fighting
 + Level 4.7 Axes
 + Level 3.0 Armour
 + Level 2.2 Dodging


You had 3 spell levels left.
You didn't know any spells.

Dungeon Overview and Level Annotations

Branches:
Dungeon (3/15)

Altars:


Message History

You hit something. You completely miss the adder. The adder bites you.
You are poisoned.
The adder poisons you! Something hits you. The adder closely misses you.
Unknown command.
You feel sick. Something hits you. The adder misses you.
You closely miss the adder. You closely miss something.
You feel sick. Something hits you.
* * * LOW HITPOINT WARNING * * *
The adder closely misses you. Something hits you.
* * * LOW HITPOINT WARNING * * *
The adder barely misses you. Something hits you.
* * * LOW HITPOINT WARNING * * *
It was a potion of agility.
You feel agile all of a sudden.
* * * LOW HITPOINT WARNING * * *
You feel sick. The adder bites you.
* * * LOW HITPOINT WARNING * * *
Something hits you but does no damage. The adder closely misses you.
Something hits you.
You die...

#.#### #....#
#....# #....# #
#....# #.#
##....#
##...####.....#
#......lS@..<.#
.##...))##...#
#....g##...#
#.....######
#../..# #.....#
#.....# .....$.
##......


You could see an adder, a hobgoblin and a frilled lizard.

Vanquished Creatures
  An orc wizard (D:3)
  An ooze (D:1)
  A worm (D:2)
  2 dart slugs (D:1)
  2 leopard geckos (D:1)
  2 orcs (D:3)
  2 giant cockroaches
  4 goblins
  5 hobgoblins
  2 jackals (D:3)
  A ball python (D:2)
  2 bats
  A frilled lizard (D:1)
  A rat (D:1)
27 creatures vanquished.

Notes
Turn   | Place    | Note
-------+----------+-------------------------------------------
     0 | D:1      | Borgoz the Hill Orc Berserker began the quest for the Orb.
     0 | D:1      | Reached XP level 1. HP: 19/19 MP: 1/1
   260 | D:1      | Reached XP level 2. HP: 21/27 MP: 2/2
   597 | D:1      | Reached XP level 3. HP: 32/33 MP: 3/3
  1597 | D:3      | Reached XP level 4. HP: 40/40 MP: 4/4
  1617 | D:3      | HP: 1/41 [adder (3)]
  1617 | D:3      | Slain by an orc wizard

Vault maps used:
D:1:      saegor_arrival_simple_f
D:3:      nicolae_ru_great_annihilating_truth, uniq_robin, uniq_grinder

Skill      XL: |  1  2  3 |
---------------+----------+-----
Fighting       | 4 |  4.3
Dodging        | 2 |  2.2
Armour         | 3 |  3.0
Axes           | |  4.7

Action                   |  1- 3 |  4- 6 || total
-------------------------+-------+-------++-------
Melee: Hand axe          |    80 |     9 ||    89
Invok: Berserk           |     1 |       ||     1
  Use: Scroll            |     2 |       ||     2
       Potion            |       |     1 ||     1
 Stab: Sleeping          |     1 |       ||     1
  Eat: Chunk             |     9 |     2 ||    11
Armor: Scale mail        |    13 |       ||    13
       Animal skin       |     7 |     3 ||    10
Dodge: Dodged            |    41 |    13 ||    54

Table legend:
 A = Spawn XP
 B = Non-spawn XP
 C = Spawn XP percentage of total XP
 D = Spawn monster count
 E = Non-spawn monster count
 F = Spawn count percentage of total count
 G = Total turns spent on level
                    A         B        C        D         E        F      G
               +---------+---------+-------+---------+---------+-------+---------
         Total |       0 |     102 |   0.0 |       0 |      27 |   0.0 |  1617
               +---------+---------+-------+---------+---------+-------+---------
           D:1 |       0 |      37 |   0.0 |       0 |      15 |   0.0 |   797
           D:2 |       0 |      13 |   0.0 |       0 |       6 |   0.0 |   790
           D:3 |       0 |      52 |   0.0 |       0 |       6 |   0.0 |    30
               +---------+---------+-------+---------+---------+-------+---------
